NCAA
OREGON DUCKS @ VILLANOVA WILDCATS
04/09/2029
 
TOP OF THE 1ST
Oregon Ducks batting - Pitching for Villanova Wildcats : RHP Norm Sweetland
Pitching: RHP Norm Sweetland
Batting: RHB Robin Mitchell 0-0: Called Strike
0-1: Called Strike
0-2: Ground out U3 (Groundball, 3)
Batting: RHB Scott Elliott 0-0: Ball
1-0: Ball
2-0: Ground out U3 (Groundball, 34)
Batting: RHB Diego Molina 0-0: Ball
1-0: Called Strike
1-1: SINGLE (Flyball, 8LS)
Batting: RHB Greg Huggins 0-0: Ball
1-0: Foul Ball, location: 2F
1-1: Swinging Strike
1-2: Strikes out swinging
Top of the 1st over - 0 runs, 1 hit, 0 errors, 1 left on base; Oregon 0 - Villanova 0
BOTTOM OF THE 1ST
Villanova Wildcats batting - Pitching for Oregon Ducks : RHP Vincente Ferreira
Pitching: RHP Vincente Ferreira
Batting: RHB Mario Ramírez 0-0: Called Strike
0-1: Ball
1-1: Called Strike
1-2: Ball
2-2: Foul Ball, location: 2F
2-2: Ball
3-2: Strikes out swinging
Batting: RHB Michael Boulanger 0-0: Called Strike
0-1: Ball
1-1: Fly out, F8 (Flyball, 8RD)
Batting: LHB William Donnelly 0-0: Ball
1-0: Ball
2-0: Called Strike
2-1: Swinging Strike
2-2: Ball
3-2: SOLO HOME RUN (Flyball, 9LD), Distance : 323 ft
Batting: RHB Paul Bell 0-0: Ball
1-0: Ball
2-0: Ball
3-0: Called Strike
3-1: Base on Balls
Batting: RHB Gary Jones 0-0: Ball
1-0: Ball
2-0: Ball
3-0: Called Strike
3-1: Called Strike
3-2: Ground out U3 (Groundball, 3S)
Bottom of the 1st over - 1 run, 1 hit, 0 errors, 1 left on base; Oregon 0 - Villanova 1
TOP OF THE 2ND
Oregon Ducks batting - Pitching for Villanova Wildcats : RHP Norm Sweetland
Batting: LHB Kay Hennessey 0-0: Ball
1-0: Ball
2-0: Ground out 4-3 (Groundball, 4)
Batting: RHB Ed Hines 0-0: Called Strike
0-1: Ball
1-1: SINGLE (Flyball, 34D)
Batting: RHB Tim Smith 0-0: Hit by Pitch
Ed Hines to second
Batting: RHB Douglas Turry 0-0: Ball
1-0: SINGLE (Line Drive, 34)
Ed Hines to third
Tim Smith to second
Batting: LHB Jerry López 0-0: Grounds into double play, 4-6-3 (Groundball, 4)
Top of the 2nd over - 0 runs, 2 hits, 0 errors, 2 left on base; Oregon 0 - Villanova 1
BOTTOM OF THE 2ND
Villanova Wildcats batting - Pitching for Oregon Ducks : RHP Vincente Ferreira
Batting: LHB José Gómez 0-0: Foul Ball, location: 2F
0-1: Ball
1-1: Called Strike
1-2: Ground out 4-3 (Groundball, 34)
Batting: RHB Clay Cowden 0-0: Ground out 5-3 (Groundball, 56S)
Batting: SHB John Gonzáles 0-0: Foul Ball, location: 2F
0-1: Ball
1-1: Swinging Strike
1-2: Ball
2-2: SOLO HOME RUN (Flyball, 89XD), Distance : 386 ft
Batting: SHB Neil Floyd 0-0: Ball
1-0: Ball
2-0: Called Strike
2-1: SINGLE (Groundball, 4MD)
Batting: RHB Mario Ramírez 0-0: Called Strike
0-1: Foul Ball, location: 2F
0-2: Foul Ball, location: 2F
0-2: Ball
1-2: Ball
2-2: Strikes out swinging
Bottom of the 2nd over - 1 run, 2 hits, 0 errors, 1 left on base; Oregon 0 - Villanova 2
TOP OF THE 3RD
Oregon Ducks batting - Pitching for Villanova Wildcats : RHP Norm Sweetland
Batting: RHB Robin Mitchell 0-0: Ground out 6-3 (Groundball, 6)
Batting: RHB Scott Elliott 0-0: SOLO HOME RUN (Flyball, 7LD), Distance : 316 ft
Batting: RHB Diego Molina 0-0: Called Strike
0-1: Called Strike
0-2: Strikes out swinging
Batting: RHB Greg Huggins 0-0: Ball
1-0: Called Strike
1-1: Ball
2-1: Ball
3-1: Base on Balls
Batting: LHB Kay Hennessey 0-0: Ball
1-0: Ball
2-0: Ball
3-0: Base on Balls
Greg Huggins to second
Batting: RHB Ed Hines 0-0: Fly out, F8 (Flyball, 8RS)
Top of the 3rd over - 1 run, 1 hit, 0 errors, 2 left on base; Oregon 1 - Villanova 2
BOTTOM OF THE 3RD
Villanova Wildcats batting - Pitching for Oregon Ducks : RHP Vincente Ferreira
Batting: RHB Michael Boulanger 0-0: Called Strike
0-1: Ball
1-1: Foul Ball, location: 2F
1-2: Strikes out swinging
Batting: LHB William Donnelly 0-0: Ball
1-0: Foul Ball, location: 2F
1-1: Ball
2-1: Swinging Strike
2-2: Ball
3-2: Foul Ball, location: 2F
3-2: Strikes out swinging
Batting: RHB Paul Bell 0-0: Ball
1-0: Ball
2-0: Called Strike
2-1: Swinging Strike
2-2: Ball
3-2: Strikes out swinging
Bottom of the 3rd over - 0 runs, 0 hits, 0 errors, 0 left on base; Oregon 1 - Villanova 2
TOP OF THE 4TH
Oregon Ducks batting - Pitching for Villanova Wildcats : RHP Norm Sweetland
Batting: RHB Tim Smith 0-0: Called Strike
0-1: Foul Ball, location: 2F
0-2: Ball
1-2: Ball
2-2: Strikes out swinging
Batting: RHB Douglas Turry 0-0: Ball
1-0: Ground out 5-3 (Groundball, 56)
Batting: LHB Jerry López 0-0: Ball
1-0: Called Strike
1-1: Fly out, F7 (Flyball, 78M)
Top of the 4th over - 0 runs, 0 hits, 0 errors, 0 left on base; Oregon 1 - Villanova 2
BOTTOM OF THE 4TH
Villanova Wildcats batting - Pitching for Oregon Ducks : RHP Vincente Ferreira
Batting: RHB Gary Jones 0-0: Ball
1-0: Called Strike
1-1: SINGLE (Line Drive, 8RS)
Batting: LHB José Gómez 0-0: Ball
1-0: Ball
2-0: Ball
3-0: Base on Balls
Gary Jones to second
Batting: RHB Clay Cowden 0-0: Ball
1-0: Foul Ball, location: 2F
1-1: Swinging Strike
1-2: Ball
2-2: Ball
3-2: Base on Balls
Gary Jones to third
José Gómez to second
Batting: SHB John Gonzáles 0-0: Foul Ball, location: 2F
0-1: Ball
1-1: Ball
2-1: Swinging Strike
2-2: Strikes out swinging
Pitching: RHP Wally O'Dowling
Batting: SHB Neil Floyd 0-0: Called Strike
0-1: Foul Ball, location: 2F
0-2: Foul Ball, location: 2F
0-2: Ball
1-2: Foul Ball, location: 2F
1-2: Foul Ball, location: 2F
1-2: Ball
2-2: Fly out, F8 (Flyball, 8RXD)
Runner from 3rd tags up, SCORES, no throw
Batting: RHB Mario Ramírez 0-0: Called Strike
0-1: Foul Ball, location: 2F
0-2: Ball
1-2: Foul Ball, location: 2F
1-2: DOUBLE (Line Drive, 7LM)
José Gómez scores
Clay Cowden to third
Batting: RHB Michael Boulanger 0-0: Called Strike
0-1: Foul Ball, location: 2F
0-2: 3-RUN HOME RUN (Line Drive, 7LD), Distance : 316 ft
Batting: LHB William Donnelly 0-0: Ball
1-0: Ball
2-0: Swinging Strike
2-1: Foul Ball, location: 2F
2-2: Ball
3-2: Base on Balls
Batting: RHB Paul Bell 0-0: Ball
1-0: Ball
2-0: Ball
3-0: Base on Balls
William Donnelly to second
Batting: RHB Gary Jones 0-0: Ball
1-0: Called Strike
1-1: Ball
2-1: Ball
3-1: Swinging Strike
3-2: Foul Ball, location: 2F
3-2: Foul Ball, location: 2F
3-2: Base on Balls
William Donnelly to third
Paul Bell to second
Batting: LHB José Gómez 0-0: Ball
1-0: Foul Ball, location: 2F
1-1: Called Strike
1-2: Strikes out swinging
Bottom of the 4th over - 5 runs, 3 hits, 0 errors, 3 left on base; Oregon 1 - Villanova 7
TOP OF THE 5TH
Oregon Ducks batting - Pitching for Villanova Wildcats : RHP Norm Sweetland
Batting: RHB Robin Mitchell 0-0: Ball
1-0: Foul Ball, location: 2F
1-1: Foul Ball, location: 2F
1-2: Foul Ball, location: 2F
1-2: SINGLE (Line Drive, 89M)
Batting: RHB Scott Elliott 0-0: Foul Ball, location: 2F
0-1: Ball
1-1: Called Strike
1-2: Ball
2-2: SINGLE (Flyball, 7LS)
Robin Mitchell to second
Batting: RHB Diego Molina 0-0: Swinging Strike
0-1: Ball
1-1: Fly out, F9 (Flyball, 9LSF)
Batting: RHB Greg Huggins 0-0: Foul Ball, location: 2F
0-1: Ball
1-1: Swinging Strike
1-2: Ball
2-2: 3-RUN HOME RUN (Flyball, 7LD), Distance : 323 ft
Batting: LHB Kay Hennessey 0-0: Ball
1-0: SOLO HOME RUN (Line Drive, 89XD), Distance : 385 ft
Batting: RHB Ed Hines 0-0: Ball
1-0: Fly out, F9 (Flyball, 9)
Batting: RHB Tim Smith 0-0: Ball
1-0: Ball
2-0: Ball
3-0: Called Strike
3-1: Foul Ball, location: 2F
3-2: Foul Ball, location: 2F
3-2: Base on Balls
Batting: RHB Douglas Turry 0-0: Fly out, F8 (Flyball, 8LD)
Top of the 5th over - 4 runs, 4 hits, 0 errors, 1 left on base; Oregon 5 - Villanova 7
BOTTOM OF THE 5TH
Villanova Wildcats batting - Pitching for Oregon Ducks : RHP Wally O'Dowling
Batting: RHB Clay Cowden 0-0: Ground out 5-3 (Groundball, 56S)
Batting: SHB John Gonzáles 0-0: Ball
1-0: Ball
2-0: Ground out 4-3 (Groundball, 4D)
Batting: SHB Neil Floyd 0-0: Ball
1-0: Foul Ball, location: 2F
1-1: Foul Ball, location: 2F
1-2: Ball
2-2: Foul Ball, location: 2F
2-2: Strikes out looking
Bottom of the 5th over - 0 runs, 0 hits, 0 errors, 0 left on base; Oregon 5 - Villanova 7
TOP OF THE 6TH
Oregon Ducks batting - Pitching for Villanova Wildcats : RHP Norm Sweetland
Batting: LHB Jerry López 0-0: SINGLE (Line Drive, 6)
Batting: RHB Robin Mitchell 0-0: Ball
1-0: SINGLE (Line Drive, 6MD)
Jerry López to second
Pitching: RHP Marvin Phelps
Batting: RHB Scott Elliott 0-0: Foul Ball, location: 2F
0-1: Ball
1-1: Ball
2-1: Grounds into double play, 5-4-3 (Groundball, 5)
Jerry López to third
Batting: RHB Diego Molina 0-0: Foul Ball, location: 2F
0-1: Ball
1-1: Ball
2-1: Ball
3-1: Foul Ball, location: 2F
3-2: Base on Balls
Batting: RHB Greg Huggins 0-0: Called Strike
Diego Molina is caught stealing 2nd base
Top of the 6th over - 0 runs, 2 hits, 0 errors, 1 left on base; Oregon 5 - Villanova 7
BOTTOM OF THE 6TH
Villanova Wildcats batting - Pitching for Oregon Ducks : RHP Wally O'Dowling
Batting: RHB Mario Ramírez 0-0: Ball
1-0: Foul Ball, location: 2F
1-1: Called Strike
1-2: Strikes out swinging
Batting: RHB Michael Boulanger 0-0: Ball
1-0: Called Strike
1-1: Foul Ball, location: 2F
1-2: Strikes out looking
Batting: LHB William Donnelly 0-0: Called Strike
0-1: Ball
1-1: Ball
2-1: Ball
3-1: Base on Balls
Pitching: RHP Albert Aguilar
Batting: RHB Paul Bell 0-0: Fielders Choice at 2nd, U6 (Groundball, 6M)
Bottom of the 6th over - 0 runs, 0 hits, 0 errors, 1 left on base; Oregon 5 - Villanova 7
TOP OF THE 7TH
Oregon Ducks batting - Pitching for Villanova Wildcats : RHP Marvin Phelps
Batting: RHB Greg Huggins 0-0: Foul Ball, location: 2F
0-1: Ball
1-1: Ball
2-1: Ball
3-1: Base on Balls
Batting: LHB Kay Hennessey 0-0: Ball
1-0: Ball
2-0: Fly out, F8 (Flyball, 8RM)
Batting: RHB Ed Hines 0-0: Called Strike
0-1: Called Strike
0-2: Strikes out looking
Batting: RHB Tim Smith 0-0: Ball
1-0: Ball
2-0: Called Strike
2-1: Foul Ball, location: 2F
2-2: Strikes out looking
Top of the 7th over - 0 runs, 0 hits, 0 errors, 1 left on base; Oregon 5 - Villanova 7
BOTTOM OF THE 7TH
Villanova Wildcats batting - Pitching for Oregon Ducks : RHP Albert Aguilar
Batting: RHB Gary Jones 0-0: Called Strike
0-1: Ball
1-1: Ball
2-1: Foul Ball, location: 2F
2-2: Ball
3-2: Fly out, F7 (Flyball, 7S)
Batting: LHB José Gómez 0-0: Ball
1-0: Foul Ball, location: 2F
1-1: Fly out, F7 (Flyball, 7S)
Batting: RHB Clay Cowden 0-0: Called Strike
0-1: Ball
1-1: Fly out, F7 (Flyball, 7LM)
Bottom of the 7th over - 0 runs, 0 hits, 0 errors, 0 left on base; Oregon 5 - Villanova 7
TOP OF THE 8TH
Oregon Ducks batting - Pitching for Villanova Wildcats : RHP Marvin Phelps
Now in LF: Steve Jones
Batting: RHB Douglas Turry 0-0: Foul Ball, location: 2F
0-1: Ball
1-1: Fly out, F2 (Popup, 23F)
Batting: LHB Jerry López 0-0: Called Strike
0-1: Foul Ball, location: 2F
0-2: Ball
1-2: Ball
2-2: Fly out, F8 (Flyball, 8RM)
Batting: RHB Robin Mitchell 0-0: Called Strike
0-1: Swinging Strike
0-2: Foul Ball, location: 2F
0-2: Foul Ball, location: 2F
0-2: Strikes out swinging
Top of the 8th over - 0 runs, 0 hits, 0 errors, 0 left on base; Oregon 5 - Villanova 7
BOTTOM OF THE 8TH
Villanova Wildcats batting - Pitching for Oregon Ducks : RHP Albert Aguilar
Batting: SHB John Gonzáles 0-0: Ball
1-0: Ball
2-0: Fly out, F9 (Flyball, 89XD)
Batting: SHB Neil Floyd 0-0: Called Strike
0-1: Ball
1-1: Called Strike
1-2: Ground out 6-3 (Groundball, 6)
Batting: RHB Mario Ramírez 0-0: Ball
1-0: Ball
2-0: Foul Ball, location: 2F
2-1: Ground out 5-3 (Groundball, 56S)
Bottom of the 8th over - 0 runs, 0 hits, 0 errors, 0 left on base; Oregon 5 - Villanova 7
TOP OF THE 9TH
Oregon Ducks batting - Pitching for Villanova Wildcats : RHP Marvin Phelps
Pitching: LHP Anthony Lewis
Batting: RHB Scott Elliott 0-0: SINGLE (Groundball, 34D)
Batting: RHB Diego Molina 0-0: Swinging Strike
0-1: Ball
1-1: Called Strike
1-2: Ball
2-2: Ball
3-2: Foul Ball, location: 2F
3-2: SINGLE (Groundball, 15) (infield hit)
Scott Elliott to second
Batting: RHB Greg Huggins 0-0: Called Strike
0-1: Ball
1-1: Ball
2-1: Fly out, F8 (Flyball, 8LS)
Now in CF: Bud López
Batting: LHB Kay Hennessey 0-0: Fly out, F7 (Flyball, 7D)
Batting: RHB Ed Hines 0-0: Ball
1-0: Ball
2-0: Ball
3-0: Called Strike
3-1: Foul Ball, location: 2F
3-2: Ground out 3-1 (Groundball, 34)
Top of the 9th over - 0 runs, 2 hits, 0 errors, 2 left on base; Oregon 5 - Villanova 7
Saturday, December 16th, 2017 - OOTP Baseball 18.8 Build 76